 Dungeon Crawl Stone Soup version 0.29.1-15-g9cfb28693d (webtiles) character file.

Game seed: 14592066561351085761

165 BuddhaDhamma the Chopper (level 5, -1/45 HPs)
             Began as a Minotaur Berserker on Mar 18, 2023.
             Was a Believer of Trog.
             Splashed by a jelly's acid (9 damage)
             ... on level 2 of the Dungeon.
             The game lasted 00:02:42 (1960 turns).

BuddhaDhamma the Chopper (Minotaur Berserker)       Turns: 1960, Time: 00:02:43

Health: -1/45      AC: -1    Str: 22 (24) XL:     5   Next: 22%
Magic:  4/4        EV: 11    Int:  3 (4)  God:    Trog [**....]
Gold:   54         SH:  0    Dex:  8 (9)  Spells: 4/4 levels left

rFire   . . .      SeeInvis .   a - +0 hand axe
rCold   . . .      Faith    .   (no shield)
rNeg    . . .      Spirit   .   c - +0 ring mail
rPois   .          Reflect  .   i - +1 hat
rElec   .          Harm     .   (no cloak)
rCorr   .          Rampage  .   (no gloves)
Will    .....                   (no boots)
Stlth   ..........              (no amulet)
HPRegen 0.15/turn               (no ring)
MPRegen 0.09/turn               (no ring)

@: corroded, on berserk cooldown
A: horns 2, retaliatory headbutt
a: Renounce Religion, Berserk, Trog's Hand


You were on level 2 of the Dungeon.
You worshipped Trog.
Trog was pleased with you.
You visited 1 branch of the dungeon, and saw 2 of its levels.

You collected 54 gold pieces.

Inventory:

Hand Weapons
 a - a +0 hand axe (weapon)
Armour
 c - a +0 ring mail (worn)
 i - a +1 hat (worn)
Wands
 k - a wand of digging (6)
Scrolls
 b - a scroll of enchant weapon {unknown}
 d - a scroll of amnesia {unknown}
 e - a scroll of enchant armour {unknown}
 j - a scroll of identify {unknown}
Potions
 g - a potion of berserk rage {unknown}
 h - a potion of ambrosia {unknown}


   Skills:
 - Level 3.6 Fighting
 + Level 7.2 Axes
 - Level 2.4 Armour
 - Level 2.1 Dodging


You had 4 spell levels left.
You didn't know any spells.
Your spell library was empty.

Dungeon Overview and Level Annotations

Branches:
Dungeon (2/15)

Altars:


Innate Abilities, Weirdness & Mutations

You have a pair of horns on your head.
You reflexively headbutt those who attack you in melee.


Message History

Trog accepts your kill.
You hit the endoplasm.
A nearby fungus withers and dies.
The endoplasm freezes you.
You are frozen.
You have reached level 5!
You hit the endoplasm but do no damage. Your headbutt misses the endoplasm.
The endoplasm is moderately wounded.
You slash the jelly!
Your hands burn!
The jelly hits you. The acid corrodes you!
You are splashed with acid!
You are too injured to fight recklessly!
You are too injured to fight recklessly!
You are too injured to fight recklessly!
You are too injured to fight recklessly!
You slash the jelly!
Your hands burn!
The jelly is almost dead.
You hit the jelly but do no damage.
Your hands burn!
The jelly completely misses you.
You're still recovering from your berserk rage.
You hit the jelly but do no damage.
Your hands burn!
You headbutt the jelly.
You kill the jelly!
Trog accepts your kill.
You hit the jelly.
Your hands burn!
You hit the endoplasm but do no damage. The endoplasm barely misses you.
The jelly barely misses you.
Your Axes skill increases to level 7!
You hit the endoplasm. You headbutt the endoplasm.
The endoplasm is almost dead.
You hit the endoplasm but do no damage. You hit the jelly.
The acid corrodes you!
Your hands burn!
* * * LOW HITPOINT WARNING * * *
It was a potion of degeneration.
There was something very wrong with that liquid.
You feel weakened.
You feel dopey.
You feel clumsy. The endoplasm completely misses you. You furiously retaliate!
You headbutt the endoplasm, but do no damage.
The endoplasm hits you.
* * * LOW HITPOINT WARNING * * *
The jelly hits you.
* * * LOW HITPOINT WARNING * * *
You are splashed with acid!
You die...

..##......÷...##.(.....#
..............##.......#
.###..........##......)#
..##..........##.......#
...#.........###....####
##.#.......###
#....'..## ##.#.......#
########.####
##.##.###.##
##...)..###.#
#.....###.## #@#######
#.#
#..........####JJJJ...÷.
#.#
#.....##.....##.J.J.....
#.#
...#######...##÷....P.P.
#.###
.#.#####.....##.P.....P.
#...##
.........######.÷÷..P...
#....## .###.######
#.P.P÷...? #.....#
..........# ##########
#†....# ..........#
##############.....#


You could see a jelly and 5 endoplasms.

Vanquished Creatures
  A jelly (D:2)
  Natasha (thrice) (D:2)
  2 worms (D:2)
  6 ball pythons
  5 bats
  11 endoplasms
  A giant cockroach (D:1)
  3 goblins
  3 hobgoblins
  2 quokkas
  2 frilled lizards
  12 kobolds
  3 rats
54 creatures vanquished.

Vanquished Creatures (others)
  2 fungi (D:2)
  4 plants (D:1)
  7 toadstools (D:2)
13 creatures vanquished.

Grand Total: 67 creatures vanquished

Notes
Turn   | Place    | Note
-------+----------+-------------------------------------------
     0 | D:1      | BuddhaDhamma the Minotaur Berserker began the quest for the
                  | Orb.
     0 | D:1      | Reached XP level 1. HP: 19/19 MP: 0/0
   121 | D:1      | Reached skill level 4 in Axes
   240 | D:1      | Reached XP level 2. HP: 26/26 MP: 1/1
   295 | D:1      | Found a faded altar of an unknown god.
   681 | D:1      | Reached skill level 5 in Axes
   990 | D:2      | Reached ** piety under Trog
   994 | D:2      | Reached XP level 3. HP: 27/31 MP: 2/2
  1214 | D:2      | Noticed Natasha
  1224 | D:2      | Killed Natasha
  1365 | D:2      | Noticed Natasha
  1377 | D:2      | Killed Natasha
  1378 | D:2      | Reached skill level 6 in Axes
  1378 | D:2      | Reached XP level 4. HP: 12/39 MP: 3/3
  1502 | D:2      | Noticed Natasha
  1512 | D:2      | Killed Natasha
  1956 | D:2      | Reached XP level 5. HP: 40/45 MP: 4/4
  1959 | D:2      | Reached skill level 7 in Axes
  1960 | D:2      | Splashed by a jelly's acid

Illustrated notes

Levels and vault maps discovered:
D:1:      roderic_crop_circles_arrival_small, layout_loops_ring,
          hellmonk_ecumenical_altar_slurped_away
D:2:      cheibrodos_fertilizer, layout_rooms, uniq_natasha

Skill      XL: |  1  2  3  4  5 |
---------------+----------------+-----
Axes           | 4 5 6 7 |  7.2
Fighting       | |  3.6
Armour         | |  2.4
Dodging        | |  2.1

Action                   |  1- 3 |  4- 6 || total
-------------------------+-------+-------++-------
Melee: Hand axe          |    69 |    39 ||   108
       Headbutt          |     7 |     6 ||    13
       Punch             |     2 |       ||     2
Invok: Berserk           |       |     1 ||     1
  Use: Potion            |       |     1 ||     1
 Stab: Sleeping          |     1 |       ||     1
Armor: Ring mail         |    16 |    11 ||    27
       Animal skin       |     4 |       ||     4
Dodge: Dodged            |    35 |    20 ||    55
